[ AOE2 MATCH · #506738639 ]
UnrankedPoles vs Celts
Rival team · LOSS
[ REPLAY ANALYSIS · EXTRACTED FROM THE RECORDED GAME ]
Feudal
9:15
Castle
—
Imperial
—
| APM avg | 68.1 |
| APM peak | 105 |
| eAPM avg | 26.3 |
| Villagers / military | 22 / 7 |
Focus
⚔️ 48.9% · 🌾 51.1%
Militia ×4 · Spearman ×2 · Archer ×1
Feudal
8:55
Castle
—
Imperial
—
| APM avg | 89.2 |
| APM peak | 116 |
| eAPM avg | 27.5 |
| Villagers / military | 21 / 4 |
Focus
⚔️ 51.0% · 🌾 49.0%
Militia ×4
Match map
Initial resources + every placement click. Lines = walls · curves = elevation contours. ◆ gold · ⬟ stone · ● berries · ✦ relic · ◌ wall gap
Your base
DS_Gali's base
Smoothed initial terrain · ◌ = detected wall gap · hover for details
Inputs per minute
— TAG_MbL_ - - DS_Gali
Build order — TAG_MbL_
49 actions detected in the replay
| 0:00 | Create | Villager (Male) ×4 |
| 0:02 | Build | House |
| 0:03 | Build | House |
| 1:18 | Create | Villager (Male) |
| 1:49 | Build | Lumber Camp |
| 1:53 | Create | Villager (Male) |
| 2:13 | Create | Villager (Male) |
| 2:29 | Create | Villager (Male) |
| 3:02 | Create | Villager (Male) |
| 3:30 | Create | Villager (Male) |
| 3:45 | Create | Villager (Male) |
| 4:03 | Build | House |
| 4:10 | Create | Villager (Male) |
| 4:27 | Create | Villager (Male) |
| 4:40 | Create | Villager (Male) |
| 4:52 | Create | Villager (Male) |
| 5:16 | Build | Mill |
| 5:17 | Create | Villager (Male) |
| 5:17 | Create | Villager (Male) |
| 5:40 | Create | Villager (Male) |
| 6:17 | Create | Villager (Male) |
| 6:23 | Research | Loom |
| 6:41 | Build | Barracks |
| 6:59 | Research | Feudal Age |
| 6:59 | Research | Feudal Age |
| 7:34 | Build | Mining Camp |
| 7:36 | Create | Militia |
| 7:36 | Create | Militia |
| 7:36 | Create | Militia |
| 7:47 | Create | Villager (Male) |
| 8:00 | Build | House |
| 8:06 | Create | Militia |
| 8:44 | Create | Villager (Male) |
| 8:48 | Build | Palisade Wall |
| 8:48 | Build | Palisade Wall |
| 8:49 | Build | Palisade Wall |
| 8:50 | Build | Palisade Wall |
| 8:50 | Build | Palisade Wall |
| 8:51 | Build | Palisade Wall |
| 8:55 | Build | Palisade Wall |
| 8:56 | Build | Palisade Wall |
| 8:57 | Build | Palisade Wall |
| 8:58 | Build | Palisade Wall |
| 9:15 | Age | Feudal Age |
| 9:19 | Create | Spearman |
| 9:20 | Create | Spearman |
| 9:23 | Create | Villager (Male) |
| 9:24 | Build | Archery Range |
| 10:10 | Create | Archer |
Build order — DS_Gali
42 actions detected in the replay
| 0:00 | Create | Villager (Male) |
| 0:01 | Build | House |
| 0:02 | Build | House |
| 0:03 | Create | Villager (Male) |
| 0:04 | Create | Villager (Male) |
| 0:06 | Create | Villager (Male) |
| 0:06 | Create | Villager (Male) |
| 1:25 | Create | Villager (Male) |
| 1:53 | Build | Lumber Camp |
| 1:59 | Create | Villager (Male) |
| 2:15 | Create | Villager (Male) |
| 2:45 | Create | Villager (Male) |
| 2:46 | Create | Villager (Male) |
| 3:10 | Create | Villager (Male) |
| 3:10 | Create | Villager (Male) |
| 3:43 | Create | Villager (Male) |
| 3:44 | Create | Villager (Male) |
| 3:49 | Build | House |
| 3:50 | Build | House |
| 4:02 | Create | Villager (Male) |
| 4:02 | Create | Villager (Male) |
| 5:02 | Create | Villager (Male) |
| 5:08 | Build | Barracks |
| 5:25 | Create | Villager (Male) |
| 5:44 | Create | Villager (Male) |
| 6:08 | Build | House |
| 6:09 | Research | Loom |
| 6:17 | Create | Villager (Male) |
| 6:45 | Research | Feudal Age |
| 6:45 | Research | Feudal Age |
| 6:47 | Build | Mining Camp |
| 7:06 | Create | Militia |
| 7:06 | Create | Militia |
| 7:23 | Create | Militia |
| 7:49 | Create | Militia |
| 8:05 | Research | Loom |
| 8:19 | Build | House |
| 8:55 | Age | Feudal Age |
| 8:59 | Research | Man-at-Arms (upgrade) |
| 9:21 | Create | Villager (Male) |
| 9:36 | Build | Outpost |
| 9:38 | Build | Mill |
Match timeline
| 5:08 | DS_Gali · first_building Barracks |
| 6:41 | TAG_MbL_ · first_building Barracks |
| 8:48 | TAG_MbL_ · wall_segment Palisade Wall x1 |
| 8:48 | TAG_MbL_ · wall_segment Palisade Wall x1 |
| 8:49 | TAG_MbL_ · wall_segment Palisade Wall x1 |
| 8:50 | TAG_MbL_ · wall_segment Palisade Wall x1 |
| 8:50 | TAG_MbL_ · wall_segment Palisade Wall x1 |
| 8:51 | TAG_MbL_ · wall_segment Palisade Wall x1 |
| 8:55 | DS_Gali · age_up feudal |
| 8:55 | TAG_MbL_ · wall_segment Palisade Wall x1 |
| 8:56 | TAG_MbL_ · wall_segment Palisade Wall x1 |
| 8:57 | TAG_MbL_ · wall_segment Palisade Wall x1 |
| 8:58 | TAG_MbL_ · wall_segment Palisade Wall x1 |
| 9:15 | TAG_MbL_ · age_up feudal |
| 9:24 | TAG_MbL_ · first_building Archery Range |
| 10:16 | DS_Gali · resign |
[ AI ANALYSIS · 1 CREDIT ]
What really happened in this match?
Wolo.gg analyzes every decision: build order, eco, micro, common mistakes by bracket. Personalized analysis on WhatsApp or Discord in 30 seconds.
Civ guide
Poles
Perfil
MbL